 Dungeon Crawl Stone Soup version 0.23-b1-70-gd12f7cf (webtiles) character file.

Game seed: 16756704196348591060

46053 Yuikono the Basher (level 14, -5/122 HPs)
             Began as a Hill Orc Fighter on Feb 6, 2019.
             Was an Elder of Beogh.
             Killed from afar by a spark wasp (18 damage)
             ... with a living lightning
             ... on level 1 of the Depths.
             The game lasted 01:19:50 (23631 turns).

Yuikono the Basher (Hill Orc Fighter)              Turns: 23631, Time: 01:19:51

Health: -5/122     AC: 32    Str: 24    XL:     14   Next: 35%
Magic:  22/22      EV:  5    Int: 19    God:    Beogh [****..]
Gold:   557        SH: 14    Dex:  8    Spells: 13/13 levels left

rFire    + . .     SeeInvis +   B - +6 mace "Xintanis" {freeze, Int+7}
rCold    + + .     Gourm    .   P - +3 buckler {rC+ rF+}
rNeg     + . .     Faith    .   i - +7 crystal plate armour "Pyly Ucy" {rN+ Int+4}
rPois    .         Spirit   .   s - +0 helmet
rElec    .         Reflect  +   F - +2 cloak
rCorr    .         Harm     .   (no gloves)
MR       +....     Clarity  +   (no boots)
Stlth    ..........             K - +5 amulet of reflection
HPRegen  0.30/turn              T - ring of see invisible
MPRegen  0.18/turn              Q - ring of protection from cold

@: hasted, very quick
A: clarity, clumsy 1, screaming 1
a: Smiting, Recall Orcish Followers, Renounce Religion


You were on level 1 of the Depths.
You worshipped Beogh.
Beogh was greatly pleased with you.
You were not hungry.

You visited 3 branches of the dungeon, and saw 17 of its levels.
You also visited: Sewer.

You collected 1167 gold pieces.
You spent 610 gold pieces at shops.

Inventory:

Hand Weapons
 c - the +5 spear "Goblin's Doom" {protect, -Tele rF+ rC+ Str+4}
   (You found it on level 15 of the Dungeon)

   It protects the one who uses it against injury (+AC on strike).
   It affects your strength (+4).
   It protects you from fire.
   It protects you from cold.
   It prevents most forms of teleportation.
 x - the +10 rapier of Internal Strife {flame, -Tele MR- Str+10 Dex+4}
   (You found it on level 14 of the Dungeon)

   It has been specially enchanted to burn those struck by it, causing extra
   injury to most foes and up to half again as much damage against particularly
   susceptible opponents.
   It affects your strength (+10).
   It affects your dexterity (+4).
   It affects your resistance to hostile enchantments.
   It prevents most forms of teleportation.
 B - the +6 mace "Xintanis" (weapon) {freeze, Int+7}
   (You found it on level 4 of the Dungeon)

   It has been specially enchanted to freeze those struck by it, causing extra
   injury to most foes and up to half again as much damage against particularly
   susceptible opponents.
   It can also slow down cold-blooded creatures.
   It affects your intelligence (+7).
 C - a +0 shortbow of freezing
 W - the +11 great mace "Mesith" {holy, +Fly rPois SInv}
   (You found it on level 14 of the Dungeon)

   It has been blessed by the Shining One to cause great damage to the undead
   and demons.
   It protects you from poison.
   It lets you see invisible.
   It lets you fly.
Missiles
 m - 7 tomahawks (quivered)
 r - 660 arrows
Armour
 g - the +4 ring mail of Entitlement {+Blink Str+3}
   (You found it on level 9 of the Dungeon)

   It affects your strength (+3).
   It lets you blink.
 i - the +7 crystal plate armour "Pyly Ucy" (worn) {rN+ Int+4}
   (You acquired it on level 14 of the Dungeon)

   It affects your intelligence (+4).
   It protects you from negative energy.
 s - a +0 helmet (worn)
 F - a +2 cloak (worn)
 P - a +3 buckler of resistance (worn)
Magical Staves
 S - an uncursed staff of fire
Jewellery
 d - an uncursed ring of flight
 K - a +5 amulet of reflection (around neck)
 Q - a ring of protection from cold (right hand)
 R - an uncursed amulet of rage
 T - a ring of see invisible (left hand)
Wands
 A - a wand of acid (12)
 D - a wand of enslavement (26)
 G - a wand of clouds (4)
 H - a wand of flame (28)
 I - a wand of random effects (22)
 L - a wand of paralysis (16)
 U - a wand of polymorph (11)
Scrolls
 b - a scroll of silence
 e - 13 scrolls of identify
 h - a scroll of blinking {unknown}
 p - 2 scrolls of magic mapping {unknown}
 q - 3 scrolls of amnesia
 u - 5 scrolls of teleportation
 y - a scroll of immolation
 E - 12 scrolls of remove curse
 N - 2 scrolls of noise {unknown}
 O - a scroll of torment {unknown}
 X - a scroll of enchant weapon {unknown}
 Z - a scroll of brand weapon
Potions
 a - 3 potions of might
 j - a potion of cancellation {unknown}
 k - a potion of mutation
 l - a potion of invisibility {unknown}
 n - a potion of brilliance
 o - a potion of degeneration
 z - 3 potions of haste
 J - a potion of agility
 M - a potion of lignification
 Y - 3 potions of curing
Miscellaneous
 V - a lamp of fire
Comestibles
 f - 23 rations


   Skills:
 - Level 10.7 Fighting
   Level 4.8 Long Blades
 + Level 14.3 Maces & Flails
 - Level 9.8 Armour
 - Level 12.1 Shields
 - Level 6.5 Invocations
 + Level 11.3 Evocations


You had 13 spell levels left.
You didn't know any spells.
Your spell library contained the following spells:

 Spells                   Type           Power        Failure   Level  Hunger
 Beastly Appendage        Tmut           #.....       100%        1    ##.....
 Flame Tongue             Conj/Fire      #....        100%        1    ##.....
 Sticks to Snakes         Tmut           #.......     100%        2    ###....
 Throw Flame              Conj/Fire      #.....       100%        2    ###....
 Conjure Flame            Conj/Fire      #.......     100%        3    ####...
 Inner Flame              Hex/Fire       #.......     100%        3    ####...
 Spider Form              Tmut/Pois      #.........   100%        3    ####...
 Ice Form                 Ice/Tmut       #.......     100%        4    #####..
 Sticky Flame             Conj/Fire      #.......     100%        4    #####..
 Blade Hands              Tmut           #.........   100%        5    ######.
 Fireball                 Conj/Fire      #.........   100%        5    ######.


Dungeon Overview and Level Annotations

Branches:
Dungeon (15/15)            Temple (1/1) D:6            Lair (0/6) D:8
    Orc (0/2) D:9          Vaults (0/5) D:14         Depths (1/5) D:15

Altars:
Ashenzari
Cheibriados
Dithmenos
Elyvilon
Fedhas
Gozag
Hepliaklqana
Kikubaaqudgha
Makhleb
Nemelex Xobeh
Okawaru
Qazlal
Ru
Sif Muna
Trog
Uskayaw
Vehumet
Wu Jian
Xom
Yredelemnul
Zin
The Shining One

Shops:
D:8 *   D:9 *   D:15 *

Portals:
Trove: D:12 (give +4 fire dragon scales)

Annotations:
D:9 1 exclusion


Innate Abilities, Weirdness & Mutations

You possess an exceptional clarity of mind.
You are clumsy. (Dex -2)
You occasionally shout uncontrollably at your foes.


Message History

Press: ? - help, Dir - move target cursor, f - spriggan air mage
Aim: a spriggan air mage, wearing a +0 robe (deflecting missiles, hasn't noticed you)
You create a blast of flame!
The spriggan air mage shouts!
You hear an angry growl.
The spriggan air mage is engulfed in blazing flames.
Evoke which item? (* to show all) (? for menu, Esc to quit)
Okay, then.
Put on which piece of jewellery? (? for menu, Esc to quit)
Okay, then.
Okay, then.
Okay, then.
Found a wand of polymorph (9).
Beogh accepts your kill.
You feel your dexterity returning.
You feel a bit more experienced.
A polar bear comes into view.
You see here a ration.
The spark wasp bursts into living lightning!
The living lightning hits you!!
You die...

###.###.###).......#
#. #.# #..##.#.## #
#####..###.###
##++#####....#.....
...h........#......
............(#..[##
##.###.###.#.##^.##
#.###.#.###.###..#
#..@.%...y....../#
#...............##
###++############


You could see a spark wasp.

Vanquished Creatures
  A very ugly thing (Depths:1)
  An ettin (D:14)
  Erolcha (D:9)
  2 fire dragons (D:15)
  A hydra (D:13)
  A spriggan air mage (Depths:1)
  A centaur warrior (D:15)
  10 two-headed ogres
  A death knight (D:15)
  A tengu warrior (D:8)
  A deep troll earth mage (Depths:1)
  The ghost of TheDeathLetter the Carver, a novice MiFi of Okawaru (D:6)
  3 unseen horrors
  3 skeletal warriors
  A wizard (D:14)
  2 phantasmal warriors (D:15)
  A wolf spider zombie (D:15)
  An orc knight (D:15)
  Pikel (D:5)
  16 ugly things
  A deep elf mage (D:13)
  3 cyclopes
  2 manticores
  3 centaur zombies
  Joseph (D:7)
  2 centaur skeletons
  A gargoyle (D:15)
  A komodo dragon (D:12)
  4 kobold demonologists
  A freezing wraith (D:14)
  5 trolls
  A meliai (shapeshifter) (D:15)
  A hornet (D:9)
  4 hippogriffs
  5 slime creatures
  A centaur simulacrum (D:15)
  Sigmund (D:3)
  2 wraiths
  5 yaks
  A basilisk (D:12)
  2 hogs (D:13)
  3 wargs (D:8)
  4 vampire mosquitoes
  An acid dragon (D:12)
  Menkaure (D:4)
  2 water moccasins (D:12)
  A soldier ant (D:14)
  A sky beast (D:13)
  2 ice beasts
  3 slaves (D:5)
  A black bear (D:13)
  8 orc warriors
  2 phantoms (D:7)
  2 necrophages
  2 eyes of draining
  6 ogres
  A boggart (Depths:1)
  14 centaurs
  2 big kobolds
  9 bullfrogs
  2 scorpions
  5 killer bees (D:11)
  An electric eel (D:9)
  2 howler monkeys (D:12)
  9 crimson imps
  8 hounds
  8 orc priests
  2 bullfrog skeletons
  A bullfrog zombie (D:12)
  7 jellies
  12 orc wizards
  Crazy Yiuf (D:4)
  Jessica (D:2)
  3 iguanas
  Natasha (thrice) (D:2)
  2 merfolk sirens (Sewer)
  6 worker ants
  A merfolk avatar (Sewer)
  A killer bee zombie (D:8)
  2 hound skeletons
  A worker ant zombie (D:9)
  8 gnolls
  A howler monkey skeleton (D:4)
  16 adders
  4 river rats (Sewer)
  4 shadow imps
  2 oozes (D:3)
  2 adder zombies (D:9)
  A worm (D:3)
  2 dart slugs
  8 leopard geckos
  40 orcs
  5 ball pythons
  5 giant cockroaches
  7 goblins
  7 hobgoblins
  2 jackals (D:7)
  A quokka (D:11)
  6 bats
  9 frilled lizards
  A jackal skeleton (D:6)
  15 kobolds
  21 rats
407 creatures vanquished.

Vanquished Creatures (collateral kills)
  A hydra (D:14)
  A cyclops (D:13)
  A deep elf mage (D:15)
  A komodo dragon (D:15)
  A human (D:13)
  A yak (D:13)
  An acid dragon (D:13)
  A phantom (D:13)
  3 centaurs (D:15)
  A crocodile (D:13)
  A big kobold (D:13)
  A bullfrog (D:13)
  An orc wizard (D:15)
  3 orcs
18 creatures vanquished.

Vanquished Creatures (others)
  An ogre mage (D:15)
  2 orc knights
  2 orc warriors
  A bullfrog (D:9)
  2 orc priests
  9 orcs
17 creatures vanquished.

Grand Total: 442 creatures vanquished

Notes
Turn   | Place    | Note
-------+----------+-------------------------------------------
     0 | D:1      | Yuikono the Hill Orc Fighter began the quest for the Orb.
     0 | D:1      | Reached XP level 1. HP: 19/19 MP: 1/1
   164 | D:1      | Reached XP level 2. HP: 24/27 MP: 2/2
   761 | D:2      | Reached XP level 3. HP: 12/33 MP: 3/3
  1064 | D:2      | Reached XP level 4. HP: 19/40 MP: 4/4
  1247 | D:2      | Noticed Jessica
  1257 | D:2      | Killed Jessica
  1292 | D:2      | Noticed Natasha
  1306 | D:2      | Killed Natasha
  1306 | D:2      | Reached XP level 5. HP: 14/47 MP: 5/5
  1506 | D:2      | Noticed Natasha
  1514 | D:2      | Killed Natasha
  1571 | D:2      | Noticed Natasha
  1587 | D:2      | Killed Natasha
  2284 | D:2      | Reached skill level 5 in Fighting
  2284 | D:2      | Reached XP level 6. HP: 52/56 MP: 6/6
  2600 | D:3      | Found a radiant altar of Vehumet.
  2619 | D:3      | Found a faded altar of an unknown god.
  2750 | D:3      | Found a glowing drain.
  2766 | D:3      | Noticed Sigmund
  2772 | D:3      | Killed Sigmund
  2772 | D:3      | Reached skill level 5 in Shields
  2787 | Sewer    | Entered a sewer
  2796 | Sewer    | Reached skill level 5 in Armour
  2796 | Sewer    | Reached XP level 7. HP: 59/61 MP: 7/7
  3640 | D:3      | Found an opulent altar of Gozag.
  4366 | D:4      | Identified the +6 mace "Xintanis" {freeze, Int+7} (You
                  | found it on level 4 of the Dungeon)
  4374 | D:4      | Found a runed translucent door.
  4375 | D:4      | Noticed Crazy Yiuf
  4474 | D:4      | Reached skill level 1 in Maces & Flails
  4852 | D:4      | Noticed Menkaure
  5055 | D:4      | Killed Menkaure
  5055 | D:4      | Reached XP level 8. HP: 71/71 MP: 8/8
  5122 | D:4      | Reached skill level 2 in Maces & Flails
  5463 | D:4      | Killed Crazy Yiuf
  5599 | D:5      | Entered Level 5 of the Dungeon
  5904 | D:5      | Noticed Pikel
  6022 | D:5      | Found a burning altar of Makhleb.
  6048 | D:5      | Killed Pikel
  6048 | D:5      | Reached skill level 3 in Maces & Flails
  6106 | D:5      | Found a hazy altar of Hepliaklqana.
  6373 | D:5      | Found a burning altar of Makhleb.
  6483 | D:6      | Reached skill level 4 in Maces & Flails
  6483 | D:6      | Reached XP level 9. HP: 77/79 MP: 9/9
  6625 | D:6      | Found a runed translucent door.
  6625 | D:6      | Noticed TheDeathLetter's ghost (novice MiFi)
  6785 | D:6      | Found a staircase to the Ecumenical Temple.
  6796 | Temple   | Entered the Ecumenical Temple
  7277 | D:6      | Killed TheDeathLetter's ghost
  7277 | D:6      | Reached skill level 5 in Maces & Flails
  7838 | D:7      | Noticed Joseph
  7861 | D:7      | Killed Joseph
  7861 | D:7      | Reached skill level 6 in Maces & Flails
  7861 | D:7      | Reached XP level 10. HP: 80/91 MP: 10/10
  8420 | D:8      | Became a worshipper of Beogh the Brigand
  8448 | D:8      | Noticed a tengu warrior
  8474 | D:8      | Killed a tengu warrior
  8876 | D:8      | Found Ytimp's Changing Room.
  8901 | D:8      | Bought a potion of mutation for 80 gold pieces
  8901 | D:8      | Gained mutation: Scrolls take you a little longer to read.
                  | [potion of mutation]
  8901 | D:8      | Gained mutation: Your flesh is cold resistant. (rC+)
                  | [potion of mutation]
  8901 | D:8      | Gained mutation: You are frail. (-10% HP) [potion of
                  | mutation]
  8901 | D:8      | Lost mutation: You are frail. (-10% HP) [potion of
                  | mutation]
  8923 | D:8      | Found a staircase to the Lair.
  9265 | D:9      | Found a blossoming altar of Fedhas.
  9413 | D:9      | Reached skill level 7 in Maces & Flails
  9433 | D:9      | Paralysed by a hornet for 3 turns
  9445 | D:9      | Reached * piety under Beogh
  9654 | D:9      | Identified the +4 ring mail of Entitlement {+Blink Str+3}
                  | (You found it on level 9 of the Dungeon)
  9715 | D:9      | Reached skill level 10 in Fighting
  9753 | D:9      | Noticed a two-headed ogre
  9763 | D:9      | HP: 2/93 [two-headed ogre/+0 giant club (6)]
  9764 | D:9      | Killed a two-headed ogre
 10327 | D:9      | Found an iron altar of Okawaru.
 10330 | D:9      | Noticed Erolcha
 10353 | D:9      | Paralysed by Erolcha for 6 turns
 10383 | D:9      | Paralysed by Erolcha for 2 turns
 10386 | D:9      | Killed Erolcha
 10386 | D:9      | Reached skill level 8 in Maces & Flails
 10386 | D:9      | Reached XP level 11. HP: 27/101 MP: 11/11
 10701 | D:9      | Noticed a two-headed ogre
 10724 | D:9      | Killed a two-headed ogre
 10829 | D:9      | Reached skill level 1 in Invocations
 10831 | D:9      | Reached skill level 10 in Shields
 11152 | D:9      | Found Katoghyod's Assorted Antiques.
 11161 | D:9      | Bought an emerald ring for 155 gold pieces
 11161 | D:9      | Bought a thick peridot amulet for 155 gold pieces
 11245 | D:9      | Found a staircase to the Orcish Mines.
 11394 | D:10     | Entered Level 10 of the Dungeon
 11418 | D:10     | Reached skill level 1 in Evocations
 11723 | D:10     | Reached ** piety under Beogh
 12114 | D:10     | Lost mutation: Scrolls take you a little longer to read.
                  | [potion of mutation]
 12114 | D:10     | Lost mutation: Your flesh is cold resistant. (rC+) [potion
                  | of mutation]
 12114 | D:10     | Gained mutation: You occasionally shout uncontrollably at
                  | your foes. [potion of mutation]
 12114 | D:10     | Gained mutation: You possess an exceptional clarity of
                  | mind. [potion of mutation]
 12189 | D:10     | Noticed a two-headed ogre
 12204 | D:10     | Killed a two-headed ogre
 12769 | D:11     | Noticed a two-headed ogre
 12780 | D:11     | Killed a two-headed ogre
 13136 | D:11     | Reached skill level 9 in Maces & Flails
 14353 | D:11     | Reached skill level 5 in Invocations
 14572 | D:12     | Reached XP level 12. HP: 90/108 MP: 15/15
 14594 | D:12     | Reached *** piety under Beogh
 15683 | D:12     | Found a portal to a secret trove of treasure.
 15790 | D:12     | Reached skill level 10 in Maces & Flails
 16339 | D:13     | Reached skill level 5 in Evocations
 16520 | D:13     | Gained Bogdan as an ally
 17046 | D:13     | Noticed a four-headed hydra
 17056 | D:13     | Killed a four-headed hydra
 17562 | D:14     | Noticed a six-headed hydra
 17571 | D:14     | Killed a six-headed hydra
 17571 | D:14     | Reached skill level 11 in Maces & Flails
 17629 | D:14     | Gained mutation: You are clumsy. (Dex -2) [a neqoxec]
 17832 | D:14     | Identified the +11 great mace "Mesith" {holy, +Fly rPois
                  | SInv} (You found it on level 14 of the Dungeon)
 17851 | D:14     | Identified a scroll of acquirement
 17856 | D:14     | Identified the +7 crystal plate armour "Pyly Ucy" {rN+
                  | Int+4} (You acquired it on level 14 of the Dungeon)
 18009 | D:14     | Reached XP level 13. HP: 114/114 MP: 18/18
 18381 | D:14     | Reached **** piety under Beogh
 18647 | D:14     | Reached skill level 12 in Maces & Flails
 18819 | D:14     | Gained Jorge as an ally
 18943 | D:14     | Identified the +10 rapier of Internal Strife {flame, -Tele
                  | MR- Str+10 Dex+4} (You found it on level 14 of the Dungeon)
 19179 | D:14     | Noticed an ettin
 19180 | D:14     | Your ally Jorge died
 19187 | D:14     | Killed an ettin
 19292 | D:14     | Found a gate to the Vaults.
 19415 | D:15     | Entered Level 15 of the Dungeon
 19427 | D:15     | Identified the +5 spear "Goblin's Doom" {protect, -Tele rF+
                  | rC+ Str+4}
 19522 | D:15     | Found Zybaish's Assorted Antiques.
 19543 | D:15     | Your ally Bogdan died
 19562 | D:15     | Reached skill level 13 in Maces & Flails
 20168 | D:15     | Reached skill level 10 in Evocations
 20453 | D:15     | Reached XP level 14. HP: 112/122 MP: 21/21
 20672 | D:15     | Bought a scroll labeled MOSIFO CAABU for 22 gold pieces
 20673 | D:15     | Bought a jewelled gold wand for 88 gold pieces
 20673 | D:15     | Bought a dented silver amulet for 110 gold pieces
 22435 | D:15     | Reached skill level 14 in Maces & Flails
 23249 | D:15     | Found a staircase to the Depths.
 23329 | Depths:1 | Entered Level 1 of the Depths
 23347 | Depths:1 | Noticed a green very ugly thing
 23376 | Depths:1 | Killed a green very ugly thing
 23575 | Depths:1 | Noticed a vampire knight
 23576 | Depths:1 | Noticed a spriggan defender
 23580 | Depths:1 | Noticed a stone giant
 23619 | Depths:1 | Noticed a frost giant
 23631 | Depths:1 | Killed from afar by a spark wasp

Skill      XL: |  1  2  3  4  5  6  7  8  9 10 11 12 13 14 |
---------------+-------------------------------------------+-----
Fighting       | 4 5 6 7 9 10 | 10.7
Long Blades    | 3 4 |  4.8
Armour         | 4 5 6 8 9 |  9.8
Shields        | 4 5 6 8 9 10 12 | 12.1
Maces & Flails | 1 4 6 8 9 11 13 14 | 14.3
Invocations    | 5 6 |  6.5
Evocations     | 3 7 10 11 | 11.3

Action                   |  1- 3 |  4- 6 |  7- 9 | 10-12 | 13-15 || total
-------------------------+-------+-------+-------+-------+-------++-------
Melee: Long sword        |    78 |   122 |   176 |       |       ||   376
       Mace              |       |       |   257 |   736 |   124 ||  1117
       Great mace        |       |       |       |    17 |   226 ||   243
 Fire: Shortbow          |       |       |       |       |    13 ||    13
Throw: Stone             |       |       |     9 |    25 |       ||    34
       Tomahawk          |       |       |       |     1 |    22 ||    23
Invok: Convert to Beogh  |       |       |       |     1 |       ||     1
       Smiting           |       |       |       |     1 |     5 ||     6
       Recall Orcish Fol |       |       |       |       |     3 ||     3
 Abil: Evoke Berserk Rag |       |       |       |     3 |     2 ||     5
Evoke: Wand              |       |       |     1 |     8 |     2 ||    11
  Use: Potion            |       |     2 |     4 |    14 |     6 ||    26
       Scroll            |       |       |     2 |    14 |    12 ||    28
 Stab: Distracted        |       |       |       |     1 |     1 ||     2
  Eat: Chunk             |       |     6 |    17 |    14 |    11 ||    48
       Ration            |       |       |       |     6 |     3 ||     9
Armor: Scale mail        |    43 |    40 |    56 |       |       ||   139
       Plate armour      |       |       |   141 |   440 |       ||   581
       Skin              |       |       |     4 |       |       ||     4
       Crystal plate arm |       |       |       |     9 |   306 ||   315
Dodge: Dodged            |    18 |    30 |    95 |   186 |    86 ||   415
Block: Shield            |    38 |    79 |   237 |   506 |       ||   860
       Buckler           |       |       |       |       |    76 ||    76
       Other             |       |       |       |       |     5 ||     5
       Reflection        |       |       |       |       |     4 ||     4
       Rpst.: Long sword |     8 |     8 |    18 |       |       ||    34
